 Dungeon Crawl Stone Soup version 0.24-a0-584-g9d6b971ae4 (webtiles) character file.

Game seed: 3363718252348297675, levelgen mode: deterministic

4055 Mithandil the Blocker (level 10, -2/86 HPs)
             Began as a Minotaur Fighter on Sept 2, 2019.
             Slain by a troll (3 damage)
             ... on level 10 of the Dungeon.
             The game lasted 00:35:33 (6437 turns).

Mithandil the Blocker (Minotaur Fighter)            Turns: 6437, Time: 00:35:33

Health: -2/86      AC: 14    Str: 23      XL:     10   Next: 4%
Magic:  0/9        EV:  9    Int:  5      God:
Gold:   373        SH: 16    Dex: 10 (11) Spells: 9/9 levels left

rFire    + . .     SeeInvis .   a - +3 scimitar
rCold    . . .     Gourm    .   E - +4 shield of Zin's Condemnation {-Cast rF+ Regen+ Stlth+}
rNeg     . . .     Faith    .   n - +0 plate armour
rPois    .         Spirit   +   (helmet restricted)
rElec    .         Reflect  .   y - scarf {repulsion}
rCorr    .         Harm     .   (no gloves)
MR       .....     NoCast   +   F - +0 pair of boots
Stlth    ..........             z - amulet of guardian spirit
HPRegen  0.64/turn              j - ring of flight
MPRegen  0.11/turn              q - ring of wizardry

@: repel missiles
A: retaliatory headbutt, horns 2, no potion heal 1, sturdy frame 1
a: Evoke Flight


You were on level 10 of the Dungeon.
You were not hungry.

You visited 2 branches of the dungeon, and saw 11 of its levels.
You also visited: Ossuary.

You collected 373 gold pieces.

Inventory:

Hand Weapons
 a - a +3 scimitar (weapon)
 b - the +5 trident of Rouv {elec, Int+5 Dex-3}
   (You found it on level 6 of the Dungeon)

   Occasionally, upon striking a foe, it will discharge some electrical energy
   and cause terrible harm.
   It affects your intelligence (+5).
   It affects your dexterity (-3).
 c - a +1 spear of venom
 e - a +2 halberd
 u - a +3 triple sword of holy wrath
 B - a +1 long sword
 C - a +3 battleaxe
 G - a +1 whip of flaming
 H - a +0 hunting sling
Missiles
 g - 94 bolts
 p - 33 poisoned darts
 A - 12 boomerangs (quivered)
 D - 52 sling bullets
Armour
 n - a +0 plate armour (worn)
 y - a scarf of repulsion (worn)
 E - the +4 shield of Zin's Condemnation (worn) {-Cast rF+ Regen+ Stlth+}
   (You found it on level 7 of the Dungeon)

   It protects you from fire.
   It prevents spellcasting.
   It increases your rate of regeneration.
   It makes you more stealthy.
 F - a +0 pair of boots (worn)
Jewellery
 j - a ring of flight (left hand)
 q - a ring of wizardry (right hand)
 z - an amulet of guardian spirit (around neck)
Wands
 m - a wand of acid (10)
 x - a wand of iceblast (8)
Scrolls
 i - 2 scrolls of fog
 k - 6 scrolls of identify
 l - 8 scrolls of teleportation
 t - a scroll of blinking
 w - a scroll of magic mapping
 I - 2 scrolls of remove curse
Potions
 d - a potion of might
 h - 2 potions of heal wounds
 r - a potion of magic
 s - 2 potions of berserk rage
 v - 3 potions of curing
Comestibles
 f - 21 rations


   Skills:
 + Level 7.5 Fighting
 * Level 9.5 Long Blades
 + Level 7.6 Armour
 + Level 5.8 Dodging
 * Level 9.9 Shields


You had 9 spell levels left.
You didn't know any spells.
Your spell library contained the following spells:

 Spells                   Type           Power        Failure   Level  Hunger
 Animate Skeleton         Necr           N/A          96%         1    ##.....
 Apportation              Tloc           #.....       96%         1    ##.....
 Beastly Appendage        Tmut           #.....       96%         1    ##.....
 Confusing Touch          Hex            #.....       96%         1    ##.....
 Summon Small Mammal      Summ           #...         96%         1    ##.....
 Sticks to Snakes         Tmut           #.......     99%         2    ###....
 Spider Form              Tmut/Pois      #.........   100%        3    ####...
 Ice Form                 Ice/Tmut       #.......     100%        4    #####..
 Blade Hands              Tmut           #.........   100%        5    ######.


Dungeon Overview and Level Annotations

Branches:
Dungeon (10/15)            Temple (1/1) D:5         Ossuary (visited)
   Lair: D:8-11         Orc: D:9-12

Altars:
Cheibriados
Dithmenos
Elyvilon
Gozag
Hepliaklqana
Kikubaaqudgha
Makhleb
Qazlal
Ru
Sif Muna
Trog
Uskayaw
Vehumet
Xom
Yredelemnul


Innate Abilities, Weirdness & Mutations

You reflexively headbutt those who attack you in melee.
You have a pair of horns on your head.
Potions are less effective at restoring your health.
Your movements are slightly less encumbered by armour. (ER -2)


Message History

The troll is almost dead.
The killer bee stings you but does no damage.
The killer bee stings the plant!
The killer bee stings the plant.
The plant is destroyed!
The porcupine twitches its whiskers.
The porcupine bites you!
* * * LOW HITPOINT WARNING * * *
You block the killer bee's attack. The troll bites you.
* * * LOW HITPOINT WARNING * * *
The troll claws you but does no damage. You block the troll's attack.
You block the porcupine's attack.
You hit the troll. You headbutt the troll.
The troll is almost dead.
The killer bee closely misses you. You furiously retaliate!
You headbutt the killer bee.
You riposte.
You closely miss the killer bee. Your headbutt misses the killer bee.
The killer bee is moderately wounded.
You block the porcupine's attack. You block the killer bee's attack.
The troll bites you.
You die...

.......# ......#
......# ####
......#
....#+#####.....#
..........#.....#
..........#.....#
.........##@rr..#
.......<.#yrT...##
+##+..P..yyyy......
.....PP...r........
...P.....P...####.)
....PP..tP..P# .
....PPPP.P..P#
.P.P.PPP..P...#


..PPPhP.tPPP..# You could see a troll, a crocodile, 4 porcupines and 5 killer
bees.

Vanquished Creatures
  Pikel (D:8)
  2 yaks
  A wyvern (D:8)
  3 hogs (D:7)
  2 wraiths (Ossuary)
  A human (D:7)
  Menkaure (D:7)
  An ogre (D:8)
  A centaur (D:5)
  A big kobold (D:5)
  3 bullfrogs
  2 scorpions
  8 killer bees
  7 wights
  A howler monkey (D:4)
  5 crimson imps
  A bullfrog zombie (D:5)
  2 centaur zombies
  A quasit (D:10)
  A hound (D:6)
  A centaur skeleton (D:4)
  A jelly (D:7)
  An orc priest (D:4)
  3 iguanas
  5 orc wizards
  5 worker ants
  A hound skeleton (D:8)
  A howler monkey skeleton (D:8)
  11 adders
  6 gnolls
  A shadow imp (D:8)
  2 oozes
  2 worms
  A dart slug (D:1)
  5 leopard geckos
  17 orcs
  2 ball pythons
  7 giant cockroaches
  6 hobgoblins
  13 jackals
  14 kobolds
  3 quokkas
  3 bats
  8 frilled lizards
  6 goblins
  3 hobgoblin skeletons (Ossuary)
  3 orc skeletons (Ossuary)
  11 rats
  A plant (D:5)
188 creatures vanquished.

Vanquished Creatures (others)
  A slave (D:8)
  A killer bee (D:8)
  An adder (D:8)
  6 fungi (D:10)
  3 plants (D:10)
12 creatures vanquished.

Grand Total: 200 creatures vanquished

Notes
Turn   | Place    | Note
-------+----------+-------------------------------------------
     0 | D:1      | Mithandil the Minotaur Fighter began the quest for the Orb.
     0 | D:1      | Reached XP level 1. HP: 19/19 MP: 0/0
    28 | D:1      | Reached XP level 2. HP: 27/27 MP: 1/1
   157 | D:1      | Reached XP level 3. HP: 33/33 MP: 2/2
   188 | D:1      | Gained mutation: You are weak. (Str -2) [potion of
                  | mutation]
   188 | D:1      | Gained mutation: You are robust. (+10% HP) [potion of
                  | mutation]
   519 | D:1      | Reached skill level 1 in Dodging
   601 | D:1      | Reached XP level 4. HP: 39/44 MP: 3/3
   662 | D:2      | Found a hazy altar of Hepliaklqana.
   715 | D:1      | Lost mutation: You are robust. (+10% HP) [potion of
                  | mutation]
   715 | D:1      | Lost mutation: You are weak. (Str -2) [potion of mutation]
   715 | D:1      | Gained mutation: You are clumsy. (Dex -2) [potion of
                  | mutation]
   715 | D:1      | Gained mutation: You do not regenerate when monsters are
                  | visible. [potion of mutation]
   715 | D:1      | Gained mutation: Your flesh is heat resistant. (rF+)
                  | [potion of mutation]
   715 | D:1      | Lost mutation: You are clumsy. (Dex -2) [potion of
                  | mutation]
  1222 | D:2      | Found an opulent altar of Gozag.
  1232 | D:2      | Reached XP level 5. HP: 46/46 MP: 4/4
  1362 | D:4      | Found a sand-covered staircase.
  1389 | Ossuary  | Entered an ossuary
  1428 | Ossuary  | Reached skill level 5 in Shields
  1569 | Ossuary  | Reached XP level 6. HP: 51/53 MP: 5/5
  1591 | Ossuary  | Noticed a wraith
  1591 | Ossuary  | Noticed a flying skull
  1603 | Ossuary  | Noticed a wraith
  1609 | Ossuary  | Killed a wraith
  1724 | Ossuary  | Noticed a flying skull
  1748 | Ossuary  | Noticed a flying skull
  1788 | Ossuary  | Reached skill level 5 in Long Blades
  1808 | Ossuary  | Noticed a wraith
  1817 | Ossuary  | Killed a wraith
  1817 | Ossuary  | Reached skill level 5 in Fighting
  1817 | Ossuary  | Reached skill level 5 in Armour
  1817 | Ossuary  | Reached XP level 7. HP: 48/61 MP: 6/6
  2015 | D:3      | Identified a scroll of acquirement
  2532 | D:3      | You fall into a shaft and drop 3 floors!
  2555 | D:5      | Entered Level 5 of the Dungeon
  2628 | D:5      | Found a staircase to the Ecumenical Temple.
  2638 | Temple   | Entered the Ecumenical Temple
  2979 | D:4      | Found an ancient bone altar of Kikubaaqudgha.
  3139 | D:4      | Lost mutation: You do not regenerate when monsters are
                  | visible. [potion of mutation]
  3139 | D:4      | Lost mutation: Your flesh is heat resistant. (rF+) [potion
                  | of mutation]
  3139 | D:4      | Gained mutation: Your movements are slightly less
                  | encumbered by armour. (ER -2) [potion of mutation]
  3139 | D:4      | Gained mutation: Potions are less effective at restoring
                  | your health. [potion of mutation]
  3139 | D:4      | Gained mutation: You tend to lose your temper in combat.
                  | [potion of mutation]
  3139 | D:4      | Gained mutation: You are resistant to hostile enchantments.
                  | (MR+) [potion of mutation]
  3140 | D:4      | Lost mutation: You are resistant to hostile enchantments.
                  | (MR+) [potion of mutation]
  3140 | D:4      | Lost mutation: You tend to lose your temper in combat.
                  | [potion of mutation]
  3140 | D:4      | Gained mutation: You are clumsy. (Dex -2) [potion of
                  | mutation]
  3140 | D:4      | Lost mutation: You are clumsy. (Dex -2) [potion of
                  | mutation]
  3171 | D:4      | Noticed a +0 dagger
  3174 | D:4      | Found a hide-covered altar of Uskayaw.
  3174 | D:4      | Noticed a +0 hand axe
  3294 | D:4      | Reached XP level 8. HP: 69/69 MP: 7/7
  4598 | D:6      | Found a basalt altar of Yredelemnul.
  4717 | D:6      | Got a fine trident
  4919 | D:7      | Identified the +5 trident of Rouv {elec, Int+5 Dex-3} (You
                  | found it on level 6 of the Dungeon)
  5094 | D:7      | Found an opulent altar of Gozag.
  5107 | D:7      | Noticed Menkaure
  5113 | D:7      | Killed Menkaure
  5138 | D:7      | Found a white marble altar of Elyvilon.
  5172 | D:7      | Got a warped shield
  5192 | D:7      | Identified the +4 shield of Zin's Condemnation {-Cast rF+
                  | Regen+ Stlth+} (You found it on level 7 of the Dungeon)
  5344 | D:7      | Reached XP level 9. HP: 48/78 MP: 5/8
  5369 | D:7      | Reached skill level 5 in Dodging
  5734 | D:8      | Noticed Pikel
  5759 | D:8      | Killed Pikel
  6196 | D:10     | Entered Level 10 of the Dungeon
  6394 | D:9      | Noticed a cyan ugly thing
  6406 | D:10     | Noticed a troll
  6418 | D:10     | Reached XP level 10. HP: 86/86 MP: 9/9
  6436 | D:10     | HP: 3/86 [porcupine (7)]
  6436 | D:10     | HP: 1/86 [troll (2)]
  6437 | D:10     | Slain by a troll

Levels and vault maps discovered:
D:1:      onia_arrival_pyramid, layout_rooms, kennysheep_decorative_pillar
D:2:      layout_rooms, lemuel_crystal_altar, lemuel_crystal_altar,
          minmay_misc_feat_five
D:3:      layout_loops_ring
D:4:      layout_basic, old_standard_altar, dancing_weapons_uskayaw,
          nicolae_ossuary_entry_ruins, first_ration
D:5:      layout_basic, serial_glass, glass_columns_c, glass_columns_a,
          glass_columns_b, glass_columns_c, glass_columns_a, glass_columns_c,
          glass_columns_b, glass_columns_c, lexackson_kobold_supper
D:6:      layout_basic, nicolae_overflow_crystal_walls
D:7:      layout_gridville, lemuel_doored_altar, basic_altar, grunt_livestock,
          chequers_serial_rivers_room_b, uniq_menkaure
D:8:      layout_basic, uniq_pikel
D:9:      minmay_blocky_corners, layout_long_grid,
          gammafunk_temple_overflow_arena, kennysheep_okawaru_gauntlet,
          grunt_temple_overflow_open
D:10:     cheibrodos_wizards_tower, layout_irregular_city,
          due_lair_maze_entry_diamond
Temple:   compressed_dpeg_triangle_lava_temple

Skill      XL: |  1  2  3  4  5  6  7  8  9 |
---------------+----------------------------+-----
Long Blades    | 3 4 5 6 7 9 |  9.5
Shields        | 4 5 6 8 9 |  9.9
Armour         | 4 5 6 7 |  7.6
Dodging        | 1 2 3 4 5 |  5.8
Fighting       | 4 5 6 7 |  7.5

Action                   |  1- 3 |  4- 6 |  7- 9 | 10-12 || total
-------------------------+-------+-------+-------+-------++-------
Melee: Long sword        |    71 |    99 |       |       ||   170
       Headbutt          |    11 |    23 |    86 |     4 ||   124
       Scimitar          |       |     9 |   440 |    19 ||   468
  Use: Scroll            |     4 |     6 |    10 |       ||    20
       Potion            |     3 |     3 |     6 |       ||    12
  Eat: Chunk             |       |     2 |    10 |       ||    12
       Ration            |       |     1 |     1 |       ||     2
Armor: Scale mail        |     9 |       |       |       ||     9
       Plate armour      |    46 |    49 |   225 |    21 ||   341
Dodge: Dodged            |    16 |    23 |   104 |    18 ||   161
Block: Shield            |    54 |    57 |   330 |    45 ||   486
       Rpst.: Long sword |     4 |     6 |       |       ||    10
       Scimitar          |       |     1 |    32 |     4 ||    37

Table legend:
 A = Non-vault XP
 B = Vault XP
 C = Vault XP percentage of total XP
 D = Non-vault monster count
 E = Vault monster count
 F = Vault count percentage of total count
                 A         B        C        D         E       F
            +---------+---------+-------+---------+---------+-------
      Total |    2902 |    2892 |  49.9 |     157 |      30 |  16.0
            +---------+---------+-------+---------+---------+-------
        D:1 |     114 |       0 |   0.0 |      35 |       0 |   0.0
        D:2 |      74 |       0 |   0.0 |      21 |       0 |   0.0
        D:3 |      88 |       0 |   0.0 |      16 |       0 |   0.0
        D:4 |     509 |       0 |   0.0 |      30 |       0 |   0.0
        D:5 |     394 |     113 |  22.3 |      19 |       8 |  29.6
        D:6 |     235 |       0 |   0.0 |       9 |       0 |   0.0
        D:7 |     296 |    1185 |  80.0 |       7 |       6 |  46.2
        D:8 |     654 |     629 |  49.0 |      10 |       1 |   9.1
        D:9 |     260 |       0 |   0.0 |       5 |       0 |   0.0
       D:10 |     278 |     266 |  48.9 |       5 |       2 |  28.6
    Ossuary |       0 |     699 | 100.0 |       0 |      13 | 100.0
            +---------+---------+-------+---------+---------+-------
